Cogmind - Beta 10.2 @@@ ROGUE MODE // 2021.01.27 @ 19:56:55 Player: KudzuControl Result: Destroyed by G-34 Mercenary with Small Laser Performance ------------- Evolutions (0) 0 Regions Visited (1) 200 Robots Destroyed (26) 130 Value Destroyed (684) 684 Prototype IDs (2) 40 Alien Tech Used (0) 0 Bonus (0) 0 TOTAL SCORE: 1054 Bonus ------- None Cogmind --------- Core Integrity 0/250 Matter 230/300 Energy 98/100 System Corruption 0% Temperature Cool (12) Movement Core (50) Location -10/Materials Parts ------- > --- POWER (1) -------- (None) > --- PROPULSION (2) --- (None) > --- UTILITY (2) ------ Improved Heat Sink Armor Integrity Analyzer > --- WEAPON (2) ------- (None) > --- INVENTORY (4) ---- Reinforced Ion Engine High-capacity Battery (400) Visual Processing Unit Terrain Scanner Peak State ------------ > --- POWER ------------ Reinforced Ion Engine > --- PROPULSION ------- Light Treads Light Treads > --- UTILITY ---------- Improved Heat Sink Armor Integrity Analyzer > --- WEAPON ----------- Spread Laser Spread Laser > --- INVENTORY -------- High-capacity Battery Visual Processing Unit Terrain Scanner Grenade Launcher [Rating: 13] Favorites ----------- Power Ion Engine Engine Ion Engine Propulsion Light Treads Treads Light Treads Utility Small Storage Unit Device Improved Heat Sink Storage Small Storage Unit Processor Seismic Analyzer Weapon Small Laser Energy Gun Small Laser Ballistic Gun Light Assault Rifle Launcher Grenade Launcher Build | -11 -10 ------- Run | Scr Mat Slots Evolved . | . . Power . | . . Propulsion . | . . Utility . | . . Weapon . | . . Parts Attached 22 | 7 15 Power 3 | 1 2 Engine 3 | 1 2 Core . | . . Reactor . | . . Propulsion 3 | 2 1 Treads 3 | 2 1 Leg . | . . Wheel . | . . Hover . | . . Flight . | . . Utility 5 | 1 4 Device 1 | . 1 Storage 1 | 1 . Processor 3 | . 3 Hackware . | . . Protection . | . . Artifact . | . . Weapon 11 | 3 8 Energy Gun 6 | 1 5 Energy Cannon . | . . Ballistic Gun 3 | 2 1 Ballistic Cannon . | . . Launcher 2 | . 2 Special Weapon . | . . Impact Weapon . | . . Slashing Weapon . | . . Piercing Weapon . | . . Special Melee Weapon . | . . Unidentified Prototypes . | . . Parts Lost 9 | . 9 Power . | . . Propulsion 2 | . 2 Utility . | . . Weapon 7 | . 7 Highest Loss Streak 3 | . 3 Average Slot Usage (%) 93 | . 93 Engine 14 | . 14 Treads 25 | . 25 Device 5 | . 5 Storage 8 | . 8 Processor 12 | . 12 Energy Gun 12 | . 12 Ballistic Gun 7 | . 7 Launcher 6 | . 6 Naked Turns . | . . Heaviest Build 19 | 12 19 Greatest Support 40 | 40 40 Greatest Overweight (x) 3 | 3 3 Average Overweight (x) . | . . Largest Inventory Capacity 6 | 6 6 Average Capacity 5 | 5 5 Most Carried 6 | 3 6 Average Carried 4 | 1 4 Final Capacity 6 | 6 4 Final Carried 4 | 3 4 Class Distribution -------------------- 100% | Mutant Dominant Class ---------------- Mutant | -10/Materials Resources | -11 -10 ----------- Run | Scr Mat Matter Collected 522 | 280 242 Remotely . | . . Salvage Created 735 | 140 595 Parts 46 | 10 36 Haulers Intercepted . | . . Recyclers Shooed 2 | . 2 Parts Field Recycled . | . . Retrieved Matter . | . . Parts Self-Destructed . | . . Prevented . | . . Kills | -11 -10 ------- Run | Scr Mat Combat Hostiles Destroyed 15 | . 15 Guns 7 | . 7 AOE 8 | . 8 Classes Destroyed 6 | 2 4 Worker 1 | . 1 Builder 1 | . 1 Tunneler 5 | 4 1 Recycler 2 | 1 1 Watcher 2 | . 2 Grunt 15 | . 15 Best Kill Streak 8 | 3 8 Combat Bots Only 5 | . 5 Max Kills in Single Turn 2 | 1 2 Gunslinging . | . . Exploded 1 | . 1 Melee . | . . Uniques/NPCs Destroyed . | . . Combat | -11 -10 -------- Run | Scr Mat Damage Taken 1153 | . 1153 Core 250 | . 250 Absorbed by Shields . | . . Core Remaining (%) 100 | 100 . Volleys Fired 61 | 10 51 Largest 2 | 2 2 Hottest 130 | 60 130 Shots Fired 98 | 20 78 Gun 79 | 20 59 Cannon . | . . Launcher 19 | . 19 Special . | . . Kinetic 27 | 10 17 Thermal 52 | 10 42 Explosive 19 | . 19 Electromagnetic . | . . Robot Hit Streak 8 | 6 8 Robot Miss Streak 5 | 2 5 Penetration Max . | . . Secondary Targets 1 | . 1 Max Gunslinging Chain 1 | . 1 Shots Hit Robots 65 | 12 53 Core Hits 59 | 7 52 Critical Hits 1 | 1 . Critical Kills . | . . Critical Parts Destroyed 1 | 1 . Melee Attacks . | . . Impact . | . . Slashing . | . . Piercing . | . . Sneak Attacks . | . . Combat Hostiles . | . . Follow-up Attacks . | . . Damage Inflicted 1760 | 117 1643 Guns 662 | 117 545 Cannons . | . . Explosions 1098 | . 1098 Melee . | . . Ramming . | . . Kinetic 145 | 44 101 Thermal 517 | 73 444 Explosive 1098 | . 1098 Electromagnetic . | . . Impact . | . . Slashing . | . . Piercing . | . . Highest Corruption . | . . Average Corruption . | . . Corruption Purged . | . . Overload Shots . | . . Overflow Damage 100 | . 100 Projectiles . | . . Explosions 100 | . 100 Melee . | . . Knockbacks . | . . Impact . | . . Kinetic . | . . Secondary . | . . Self-Inflicted Damage 140 | . 140 Shots 4 | . 4 Rammed . | . . Targets Rammed . | . . Kicked . | . . Crushed . | . . Highest Temperature 232 | 40 232 Average Temperature 49 | 16 56 Received Heat Transfer 570 | . 570 Siege Activations . | . . Robots Corrupted . | . . Combat Hostiles . | . . Parts Fried . | . . Impact Corruptions . | . . Robots Melted . | . . Combat Hostiles . | . . Parts Melted 1 | . 1 Heat Transferred 1012 | 175 837 Parts Sabotaged . | . . Parts Stolen . | . . Parts Stripped . | . . Power Chain Reactions . | . . Missiles Intercepted . | . . Alert | -11 -10 ------- Run | Scr Mat Peak Influence 299 | 25 299 Initial 16 | . 16 Average 84 | 6 96 Maximum Alert Level 1 | . 1 Low Security (%) 87 | 100 84 Level 1 12 | . 15 Level 2 . | . . Level 3 . | . . Level 4 . | . . Level 5 . | . . High Security . | . . Max Security . | . . Squads Dispatched 5 | . 5 Investigation 3 | . 3 Extermination . | . . Reinforcement 2 | . 2 Assault . | . . Garrison . | . . Intercept . | . . Construction Impeded . | . . Haulers Reinforced . | . . Stealth | -11 -10 --------- Run | Scr Mat Distress Signals 2 | . 2 Communications Jammed . | . . Distress Signals . | . . Times Spotted 26 | . 26 Peak Tracking Total 6 | . 6 Tactical Retreats . | . . Traps | -11 -10 ------- Run | Scr Mat Traps Triggered 3 | . 3 Indirectly . | . . Trap Hack Attempts . | . . Triggered . | . . Disarmed . | . . Reprogrammed . | . . Reused . | . . Traps Extracted . | . . Installed . | . . Triggered . | . . Machines | -11 -10 ---------- Run | Scr Mat Machines Disabled 5 | . 5 Max in Single Turn 2 | . 2 Machines Sabotaged . | . . Garrisons Compromised . | . . Overloaded Fab Kills . | . . Fab Network Shutdowns . | . . Hacking | -11 -10 --------- Run | Scr Mat Machines Accessed 6 | . 6 Terminals 5 | . 5 Fabricators . | . . Repair Stations . | . . Recycling Units 1 | . 1 Scanalyzers . | . . Garrison Access . | . . Total Hacks 16 | . 16 Successful 9 | . 9 Failed 7 | . 7 Catastrophic 2 | . 2 Database Lockouts . | . . Manual . | . . Terminals 13 | . 13 Fabricators . | . . Repair Stations . | . . Recycling Units 3 | . 3 Scanalyzers . | . . Garrison Access . | . . Terminal Hacks 7 | . 7 Record 1 | . 1 Prototype ID Bank 1 | . 1 Dispatch Records 2 | . 2 Registered Prototypes 1 | . 1 Zone Layout 2 | . 2 Fabricator Hacks . | . . Repair Station Hacks . | . . Recycling Unit Hacks 2 | . 2 Report Inventory 1 | . 1 Retrieve Components 1 | . 1 Scanalyzer . | . . Garrison Access Hacks . | . . Unauthorized Hacks . | . . Terminals . | . . Fabricators . | . . Repair Stations . | . . Recycling Units . | . . Scanalyzers . | . . Garrison Access . | . . Data Cores Recovered . | . . Used . | . . Hacking Detections 4 | . 4 Full Trace Events 1 | . 1 Feedback Events . | . . Feedback Blocked . | . . Robot Schematics Acquired . | . . Robots Built . | . . Matter . | . . Time . | . . Total Robot Build Rating . | . . Part Schematics Acquired . | . . Parts Built . | . . Matter . | . . Time . | . . Total Part Build Rating . | . . Parts Repaired . | . . Time . | . . Parts Recycled . | . . Recycled Matter . | . . Retrieved Matter . | . . Retrieved Components 3 | . 3 Parts Scanalyzed . | . . Part Schematics Acquired . | . . Parts Damaged . | . . Bothacking | -11 -10 ------------ Run | Scr Mat Used RIF Installer . | . . Robots Hacked . | . . Non-combat . | . . Combat . | . . Robot Hacks Applied . | . . Relay Couplers Released . | . . Robots Rewired . | . . Allies Hacked . | . . Hacks Repelled . | . . Allies | -11 -10 -------- Run | Scr Mat Total Allies . | . . Largest Group . | . . Highest-Rated Group . | . . Highest-Rated Ally . | . . Total Orders . | . . Ally Attacks . | . . Total Damage . | . . Kills . | . . Allies Corrupted . | . . Allies Melted . | . . Intel | -11 -10 ------- Run | Scr Mat Robot Analysis Total . | . . Derelict Logs Recovered . | . . Drone Launches . | . . Drone Recoveries . | . . Exploration | -11 -10 ------------- Run | Scr Mat Turns Passed 974 | 136 838 Spaces Moved 481 | 61 420 Core 27 | 13 14 Treads 454 | 48 406 Legs . | . . Wheels . | . . Hover . | . . Flight . | . . Fastest Speed 50 | 50 50 Average Speed 156 | 151 157 Slowest Speed 200 | 200 200 Overloaded Moves . | . . Propulsion Burnouts . | . . Robots Hopped . | . . Cave-ins Triggered . | . . Exploration Rate (%) 40 | 4 76 Regions Visited 1 Branch Regions . Pre-discovered Areas . | . . Known Exits Taken . | . . Unknown Exits Taken 1 | 1 . Scrap Searched . | . . Spaces Dug . | . . Terrain Destroyed 93 | . 93 Melee . | . . Projectile . | . . AOE 93 | . 93 Terrain Rammed . | . . Walls Destroyed . | . . Machines Disabled . | . . Actions | -11 -10 --------- Run | Scr Mat Total 608 | 86 522 Wait 15 | . 15 Move 480 | 60 420 Hop . | . . Pick Up 19 | 9 10 Fast Attach 5 | . 5 Attach 11 | 6 5 Detach 2 | . 2 Swap 6 | 1 5 Drop 9 | . 9 Fire 61 | 10 51 Melee . | . . Ram . | . . Kick . | . . Crush . | . . Escape Stasis . | . . Rewire . | . . Trap . | . . Miscellaneous . | . . Route ------- -11/Scrapyard -10/Materials (discovered 4 exits: [*Mat x2] / [*Min x2]) History --------- Turn | Location | Event 13 | -11/Scrapyard | Discovered new exit (range 15) 137 | -11/Scrapyard | Entered Materials 304 | -10/Materials | Build established: Mutant 397 | -10/Materials | Discovered new exit (range 12) 482 | -10/Materials | Discovered new exit (range 15) 666 | -10/Materials | Discovered new exit (range 7) 847 | -10/Materials | Discovered new exit (range 16) 960 | -10/Materials | Core integrity fell below 50% 972 | -10/Materials | Core integrity fell below 20% 975 | -10/Materials | Destroyed by G-34 Mercenary with Small Laser Last Messages --------------- 00959_ Destroyed Lgt. Treads. 00959_ Grenade Launcher destroyed. 00959_ Destroyed Grenade Launcher. 00960_ K-01 Serf collects debris. 00960_ U-05 Engineer lays Concrete. 00960_ R-06 Scavenger collects Aluminum Leg. 00961_ K-01 Serf cleans the Terminal. 00961_ Particle Gun destroyed. 00961_ U-05 Engineer lays Concrete. 00962_ U-05 Engineer builds a Wall. 00963_ K-01 Serf collects debris. 00964_ K-01 Serf cleans the Terminal. 00967_ U-05 Engineer lays Concrete. 00968_ The unstable cave ceiling collapses. 00968_ K-01 Serf collects debris. 00968_ U-05 Engineer lays Concrete. 00969_ K-01 Serf collects debris. 00969_ U-05 Engineer builds a Wall. 00970_ R-06 Scavenger collects Aluminum Leg. 00971_ K-01 Serf collects debris. Map ----- +----------------------------------------------------+ | | | | | | | | | | | | | | | | | | | | | | | | | | | ??????????????????????????????????????????? | | ??????????????????????????????????????????? | | ??????????????????????????????????????????? | | ??????????????????????????????????????????? | | ??????????????????????????????????????????? | | ????????????????????????#####?????????????? | | ???????????????????????##"""##????????????? | | ??????????????????????##"|||"##???????????? | | ??????????????????????#"" ""#???????????? | | ??????????????????????# #???????????? | | ?####?????????????????# < #???????????? | | ## ?????????????????# #???????????? | | # < # """ #???????# @ #???????????? | | # # """ #???????## ##???????????? | | + # """ ########### #######???????? | | # # """ # # # ???????? | | # + """ # """ + + ???????? | | # # # "T" # # ???????? | | ## # # # # ???????? | | # # # #### # ???????? | | # ########## # # # ???????? | | # ###########???? | | # gg # #???? | | # % % # #???? | | # ############### # ##??? | | # = #??????####### # ""??? | | [# =############ " Y"??? | | ## # ## """ """ "???? | | ## # ## " """ ""??????? | | # ### # % """ ""??????? | | + #?### ! #######??????? | | # #??# ! ##???????????? | | # #??## ########????? | | # #???# #????? | | ## # #???## #% #????? | | ## ###########???## #????? | | ## #??????# #????? | +----------------------------------------------------+ Best States ------------- Heat Dissipation 39 Energy Generation 12 Energy Capacity 265 Matter Stores 300 Matter Capacity 300 Sight Range 16 Terrain Scan Density 60 Evasion (%) 40 Armor Integrity Analysis 33 Recoil Reduction 2 Item Schematics ----------------- None Robot Schematics ------------------ None Fabricated ------------ Nothing Alien Tech Used ----------------- None Achievements -------------- None Challenges ------------ None Game ------ Seed ArmageddonDeliveryDrive Manual? 0 Play Time 00:20:30 Cumulative 8.1 hours Start 2021.01.27 @ 19:38:58 End 2021.01.27 @ 19:56:55 Sessions 1 Manual Loads 0 Difficulty Rogue Special Mode None Game No. 8 Rogue 8 Adventurer 0 Explorer 0 Win Type - Total 0 Types 0/0/0/0/0/0/0/0/0 Lore% 2 Gallery% 10 Achievement% 10 Wizard Run 0 Options --------- ASCII 0 Keyboard 0 Movement Mouse Keybinds 0 Fullscreen 2 Font 18/SmallcapsGlow Map View 76x50 Tactical HUD 1 Map Filters NONE Filters NONE Steam 1 RUN: 8b501d01-1ba0-4d04-b2d4-8cd7e5c377f8